 Dungeon Crawl Stone Soup version 0.16-a0-2063-g87d9768 (webtiles) character file.

179 Fiveotanaka the Cudgeler (level 5, -7/85 HPs)
             Began as an Ogre Berserker on Nov 12, 2014.
             Was a Priest of Trog.
             Mangled by a gnoll
             ... wielding a +0 spear
              (9 damage)
             ... on level 3 of the Dungeon.
             The game lasted 00:06:17 (3119 turns).

Fiveotanaka the Cudgeler (Ogre Berserker)           Turns: 3119, Time: 00:06:17

Health: -7/85      AC:  3    Str: 27    XL:     5   Next: 59%
Magic:  14/14      EV: 10    Int:  6    God:    Trog [***...]
Gold:   76         SH:  0    Dex: 10    Spells: 0 memorised, 4 levels left

rFire  . . .     SeeInvis .     a - +0 mace
rCold  . . .     Clarity  .     b - +0 animal skin
rNeg   . . .     SustAb   .     (shield restricted)
rPois  .         Gourm    .     (helmet restricted)
rElec  .         Spirit   .     (no cloak)
rCorr  .         Warding  .     (gloves unavailable)
rMut   .         Stasis   .     (boots unavailable)
MR     .....                    (no amulet)
Stlth  ..........               (no ring)
                                e - ring of magical power

@: berserking, very quick, not resistant to hostile enchantments, extremely
unstealthy
A: unfitting armour, tough skin 1
a: Burn Spellbooks, Berserk, Trog's Hand, Renounce Religion


You were on level 3 of the Dungeon.
You worshipped Trog.
Trog was most pleased with you.
You were hungry.

You visited 1 branch of the dungeon, and saw 3 of its levels.

You collected 76 gold pieces.

Inventory:

Hand weapons
 a - a +0 mace (weapon)
Missiles
 j - 15 stones (quivered)
Armour
 b - a +0 animal skin (worn)
Jewellery
 e - a ring of magical power (left hand)
Scrolls
 f - 4 scrolls of random uselessness {unknown}
 h - 3 scrolls of identify {unknown}
 k - a scroll of noise {unknown}
Potions
 d - 2 potions of confusion {unknown}
 g - 2 potions of cancellation {unknown}
 i - 2 potions of brilliance {unknown}
Comestibles
 c - 2 chunks of flesh


   Skills:
 - Level 5.0 Fighting
 + Level 6.8 Maces & Flails
 - Level 1.7 Armour
 - Level 2.2 Dodging
 - Level 0.5 Stealth


You had 4 spell levels left.
You didn't know any spells.

Dungeon Overview and Level Annotations

Branches:
Dungeon (3/15)

Altars:
Dithmenos
Qazlal

Annotations:
D:2 Sigmund


Innate Abilities, Weirdness & Mutations

You are too large for most types of armour.
You have tough skin (AC +1).


Message History

The gnoll barely misses you. The gnoll hits you!
* * * LOW HITPOINT WARNING * * *
The gnoll misses you.
Use which ability? (? or * to list)
A red film seems to cover your vision as you go berserk!
You feel yourself moving faster!
You feel mighty!
You are feeling hungry.
The gnoll hits you from afar with a spear.
* * * LOW HITPOINT WARNING * * *
The gnoll barely misses you. The gnoll hits you with a flail.
* * * LOW HITPOINT WARNING * * *
The gnoll hits you.
* * * LOW HITPOINT WARNING * * *
The gnoll hits you with a glowing spear.
* * * LOW HITPOINT WARNING * * *
Unknown command.
You sock the gnoll!
The gnoll is almost dead.
The gnoll hits you from afar with a spear!
You die...

# ....#....#....... #'##
#############''''#############...
#............................#...
#≈≈≈≈≈≈≈≈≈≈≈≈....≈≈≈≈≈≈≈≈≈≈≈≈####
≈≈≈≈≈≈≈≈≈≈≈≈≈....≈≈≈≈≈≈≈≈≈≈≈≈≈≈≈≈
≈≈≈≈≈≈≈≈≈≈≈≈≈...g≈≈≈≈≈≈≈≈≈≈≈≈≈≈≈≈
..............gg....)............
####.#.#.######g##.############.#
#.#.#.# #g@g.# #.#
#.#.#.#########.## #.#
#.....#..........## #.#
###.###.#####.....# ########.#
#......<..#....####........#
#####.###.#.#.####.>.####### #.#
#............# #.# ###.#.####...#
#.#####.#.# #####


You could see 5 gnolls.

Vanquished Creatures
  3 gnolls (D:3)
  5 adders
  A giant mite (D:3)
  4 worms (D:2)
  2 giant geckos
  2 orcs (D:3)
  3 bats
  A giant cockroach (D:1)
  8 goblins
  10 hobgoblins
  16 jackals (D:3)
  2 ball pythons
  4 giant newts
  6 kobolds
  6 rats
73 creatures vanquished.

Notes
Turn   | Place    | Note
--------------------------------------------------------------
     0 | D:1      | Fiveotanaka, the Ogre Berserker, began the quest for the Orb.
     0 | D:1      | Reached XP level 1. HP: 24/24 MP: 1/1
    87 | D:1      | Reached XP level 2. HP: 30/33 MP: 2/2
   421 | D:2      | HP: 1/33 [rat (1)]
   769 | D:2      | Reached XP level 3. HP: 16/40 MP: 3/3
   952 | D:2      | Noticed Sigmund
  1465 | D:2      | Found a shadowy altar of Dithmenos.
  1494 | D:2      | Reached skill level 5 in Fighting
  1494 | D:2      | Reached XP level 4. HP: 27/50 MP: 4/4
  1810 | D:2      | Acquired Trog's second power
  1842 | D:2      | Reached skill level 5 in Maces & Flails
  2268 | D:3      | Found a stormy altar of Qazlal.
  2478 | D:3      | Reached skill level 6 in Maces & Flails
  2478 | D:3      | Reached XP level 5. HP: 55/57 MP: 5/5
  3118 | D:3      | HP: 2/85 [gnoll/glowing spear (5)]
  3119 | D:3      | Mangled by a gnoll

Action                   |  1- 3 |  4- 6 || total
-------------------------+-------+-------++-------
Melee: Mace              |    94 |   133 ||   227
Invok: Berserk           |       |     1 ||     1
 Stab: Sleeping          |     1 |       ||     1
  Eat: Meat ration       |     1 |       ||     1
       Chunk             |       |     2 ||     2
